 Dungeon Crawl Stone Soup version 0.27-a0-328-g7f782ed93a (webtiles) character file.

Game seed: 14802180436173272843

182 DavidChitty2 the Magician (level 5, -13/41 HPs)
             Began as a Gnoll Wanderer on Feb 11, 2021.
             Mangled by an orc warrior
             ... wielding a +0 glaive of venom
              (14 damage)
             ... on level 3 of the Dungeon.
             The game lasted 00:05:22 (2657 turns).

DavidChitty2 the Magician (Gnoll Wanderer)          Turns: 2657, Time: 00:05:23

Health: -13/41     AC:  5    Str:  8    XL:     5   Next: 62%
Magic:  14/14      EV: 10    Int: 15    God:
Gold:   63         SH:  4    Dex: 12    Spells: 15/18 levels left

rFire    . . .     SeeInvis .   a - +2 dagger (holy)
rCold    . . .     Faith    .   p - +0 buckler
rNeg     . . .     Spirit   .   h - +0 ring mail
rPois    .         Reflect  .   (no helmet)
rElec    .         Harm     .   (no cloak)
rCorr    .         Rampage  .   (no gloves)
Will     .....                  (no boots)
Stlth    +.........             (no amulet)
HPRegen  0.13/turn              (no ring)
MPRegen  0.14/turn              (no ring)

@: mighty, attractive
A: distributed training, fangs 1, strong nose
a: no special abilities


You were on level 3 of the Dungeon.
You visited 1 branch of the dungeon, and saw 3 of its levels.

You collected 63 gold pieces.

Inventory:

Hand Weapons
 a - a +2 dagger of holy wrath (weapon)
   (You took it off a kobold on level 1 of the Dungeon)
 b - a +0 hunting sling
   (You took it off a goblin on level 2 of the Dungeon)
 j - a +0 dagger of draining
   (You found it on level 2 of the Dungeon)
 k - a +0 hunting sling
   (You found it on level 2 of the Dungeon)
Armour
 c - a +0 robe
 h - a +0 ring mail (worn)
   (You found it on level 2 of the Dungeon)
 p - a +0 buckler (worn)
Scrolls
 d - a scroll of magic mapping {unknown}
 g - a scroll of amnesia {unknown}
 n - 2 scrolls of identify {unknown}
 q - a scroll of noise {unknown}
Potions
 e - a potion of heal wounds {unknown}
 f - a potion of flight {unknown}
 i - a potion of curing {@q1}
 l - a potion of attraction {!q}
 m - a potion of lignification {unknown}
 o - 2 potions of might


   Skills:
 + Level 3.0 Fighting
 + Level 1.5 Short Blades
 + Level 1.5 Long Blades
 + Level 3.0 Axes
 + Level 1.5 Maces & Flails
 + Level 1.5 Polearms
 + Level 1.5 Staves
 + Level 1.5 Slings
 + Level 1.5 Bows
 + Level 1.5 Crossbows
 + Level 1.5 Throwing
 + Level 3.0 Armour
 + Level 1.5 Dodging
 + Level 1.5 Stealth
 + Level 3.0 Shields
 + Level 1.5 Unarmed Combat
 + Level 7.3 Spellcasting
 + Level 4.0 Conjurations
 + Level 1.2 Hexes
 + Level 1.2 Summonings
 + Level 1.2 Necromancy
 + Level 1.2 Translocations
 + Level 1.2 Transmutations
 + Level 1.2 Fire Magic
 + Level 1.2 Ice Magic
 + Level 1.2 Air Magic
 + Level 1.2 Earth Magic
 + Level 1.2 Poison Magic
 + Level 1.7 Invocations
 + Level 3.0 Evocations


You had 15 spell levels left.
You knew the following spells:

 Your Spells              Type           Power        Failure   Level
a - Magic Dart            Conj           68%          9%          1
x - Call Imp              Summ           9%           36%         2

Your spell library contained the following spells:

 Spells                   Type           Power        Failure   Level
 Blink                    Tloc           N/A          36%         2
 Slow                     Hex            9%           36%         2
 Conjure Flame            Conj/Fire      13%          41%         3
 Mephitic Cloud           Conj/Pois/Air  12%          45%         3


Dungeon Overview and Level Annotations

Branches:
Dungeon (3/15)

Altars:


Innate Abilities, Weirdness & Mutations

Your experience applies equally to all skills.
You have very sharp teeth.
Your uncanny sense of smell can sniff out nearby items.


Message History

The orc warrior is pulled toward you!
The giant cockroach is pulled toward you!
The centaur zombie hits you but does no damage.
The orc warrior closely misses you. The centaur zombie closely misses you.
The jackal bites you.
* * * LOW HITPOINT WARNING * * *
The jackal bites you but does no damage.
You block the jackal's attack.
The giant cockroach is pulled toward you!
The orc warrior is pulled toward you!
Found a golden potion.
The jackal bites you but does no damage.
The orc warrior is pulled toward you!
The centaur zombie is pulled toward you!
The giant cockroach bites you but does no damage.
The jackal bites you.
* * * LOW HITPOINT WARNING * * *
The orc warrior is pulled toward you!
The centaur zombie is pulled toward you!
The jackal completely misses you. The giant cockroach bites you.
* * * LOW HITPOINT WARNING * * *
Found a trident.
You block the jackal's attack.
The giant cockroach is pulled toward you!
The jackal barely misses you.
A jackal comes into view.
The jackal barks!
You block the jackal's attack.
The jackal moves out of view.
The orc warrior is pulled toward you! The orc warrior is pulled toward you!
The jackal is pulled toward you! The jackal bites you.
* * * LOW HITPOINT WARNING * * *
The jackal barely misses you.
A jackal comes into view.
You block the orc warrior's attack. The jackal is pulled toward you!
The jackal bites you.
* * * LOW HITPOINT WARNING * * *
The jackal closely misses you. The jackal is pulled toward you!
The orc warrior is pulled toward you!
The giant cockroach is pulled toward you!
You closely miss the jackal.
The jackal barks!
The jackal bites you.
* * * LOW HITPOINT WARNING * * *
The jackal bites you.
* * * LOW HITPOINT WARNING * * *
The orc warrior hits you from afar with a +0 glaive of venom!
You die...

#.# #.##.. #.###.##.#
#...#.##.#
#########.#.##.# #
.......##...##.#####.#
#...............#
#..#.#++#.#..####
#.h..# #...##
#####h@### ###.#
#.#Boh.+ ∆∆#o'.# ##
#!.#..+ ∆∆#.'.# ..
##.#..### ###.#
#.#.B#....# ...
#####.#.#..#.#++#.#..
...)....##...........
#####........#####...#
##########


You could see an orc warrior, 3 jackals and a giant cockroach.

Vanquished Creatures
  Natasha (thrice) (D:2)
  3 adders (D:2)
  2 worms (D:2)
  4 dart slugs
  2 leopard geckos (D:2)
  2 giant cockroaches
  11 goblins
  4 hobgoblins
  3 jackals (D:1)
  8 kobolds
  2 ball pythons
  9 bats
  7 frilled lizards
  8 rats
68 creatures vanquished.

Notes
Turn   | Place    | Note
-------+----------+-------------------------------------------
     0 | D:1      | DavidChitty2 the Gnoll Wanderer began the quest for the
                  | Orb.
     0 | D:1      | DavidChitty2 set off with the following items: a +0 dagger,
                  | a +0 buckler, a +0 robe; and the following spell memorised:
                  | Magic Dart; and the following spells available to memorise:
                  | Conjure Flame, Blink, Call Imp, Slow, Mephitic Cloud
     0 | D:1      | Reached XP level 1. HP: 17/17 MP: 8/8
    88 | D:1      | Reached XP level 2. HP: 23/23 MP: 1/10
   210 | D:1      | Learned a level 2 spell: Call Imp
   457 | D:1      | Reached XP level 3. HP: 19/28 MP: 1/11
  1111 | D:2      | Noticed Natasha
  1120 | D:2      | Reached skill level 1 in Invocations
  1237 | D:2      | Killed Natasha
  1238 | D:2      | Reached skill level 1 in Short Blades
  1238 | D:2      | Reached skill level 1 in Long Blades
  1238 | D:2      | Reached skill level 1 in Maces & Flails
  1238 | D:2      | Reached skill level 1 in Polearms
  1238 | D:2      | Reached skill level 1 in Staves
  1238 | D:2      | Reached skill level 1 in Slings
  1238 | D:2      | Reached skill level 1 in Bows
  1238 | D:2      | Reached skill level 1 in Crossbows
  1238 | D:2      | Reached skill level 1 in Throwing
  1238 | D:2      | Reached skill level 1 in Dodging
  1238 | D:2      | Reached skill level 1 in Stealth
  1238 | D:2      | Reached skill level 1 in Unarmed Combat
  1238 | D:2      | Reached XP level 4. HP: 12/34 MP: 5/13
  1527 | D:2      | Noticed Natasha
  1539 | D:2      | Killed Natasha
  1540 | D:2      | Reached skill level 1 in Hexes
  1540 | D:2      | Reached skill level 1 in Summonings
  1540 | D:2      | Reached skill level 1 in Necromancy
  1540 | D:2      | Reached skill level 1 in Translocations
  1540 | D:2      | Reached skill level 1 in Transmutations
  1540 | D:2      | Reached skill level 1 in Fire Magic
  1540 | D:2      | Reached skill level 1 in Ice Magic
  1540 | D:2      | Reached skill level 1 in Air Magic
  1540 | D:2      | Reached skill level 1 in Earth Magic
  1540 | D:2      | Reached skill level 1 in Poison Magic
  1623 | D:2      | Noticed Natasha
  1628 | D:2      | Killed Natasha
  1629 | D:2      | Reached XP level 5. HP: 14/40 MP: 8/14
  2621 | D:3      | Noticed an orc warrior
  2657 | D:3      | HP: 2/41 [jackal (1)]
  2657 | D:3      | Mangled by an orc warrior

Illustrated notes

Levels and vault maps discovered:
D:1:      sevenhm_arrival_forest_fort_small_4, layout_rooms, serial_forest,
          infiniplex_forest_end_double, infiniplex_forest_lined_room_2,
          infiniplex_forest_straight_4, infiniplex_forest_clump_long,
          infiniplex_forest_clump_small, infiniplex_forest_join
D:2:      layout_rooms, grunt_ministairs_6, minmay_pentomino_w2, uniq_natasha
D:3:      layout_loops_ring, minmay_mini_jars

Skill      XL: |  1  2  3  4  5 |
---------------+----------------+-----
Invocations    | 1 |  1.7
Short Blades   | 1 |  1.5
Long Blades    | 1 |  1.5
Maces & Flails | 1 |  1.5
Polearms       | 1 |  1.5
Staves         | 1 |  1.5
Slings         | 1 |  1.5
Bows           | 1 |  1.5
Crossbows      | 1 |  1.5
Throwing       | 1 |  1.5
Dodging        | 1 |  1.5
Stealth        | 1 |  1.5
Unarmed Combat | 1 |  1.5
Hexes          | 1 |  1.2
Summonings     | 1 |  1.2
Necromancy     | 1 |  1.2
Translocations | 1 |  1.2
Transmutations | 1 |  1.2
Fire Magic     | 1 |  1.2
Ice Magic      | 1 |  1.2
Air Magic      | 1 |  1.2
Earth Magic    | 1 |  1.2
Poison Magic   | 1 |  1.2
Fighting       | 3 |  3.0
Axes           | 3 |  3.0
Armour         | 3 |  3.0
Shields        | 3 |  3.0
Evocations     | 3 |  3.0
Conjurations   | 4 |  4.0
Spellcasting   | |  7.3

Action                   |  1- 3 |  4- 6 || total
-------------------------+-------+-------++-------
Melee: Dagger            |     4 |    16 ||    20
       Bite              |       |     2 ||     2
 Cast: Magic Dart        |    76 |    81 ||   157
  Use: Potion            |       |     3 ||     3
Armor: Ring mail         |       |    12 ||    12
Dodge: Dodged            |     4 |    23 ||    27
Block: Buckler           |     3 |    10 ||    13

Table legend: (Time is in decaauts)
 A = Elapsed time spent in this place.
 B = Non-inter-level travel time spent in this place.
 C = Inter-level travel time spent in this place.
 D = Time resting spent in this place.
 E = Time spent auto-exploring this place.
 F = Levels seen in this place.
 G = Mean time per level.
                   A        B        C        D        E       F      G
               +--------+--------+--------+--------+--------+-----+--------+
         Total |   2666 |   2604 |     62 |   1035 |   1221 |   3 |  888.7 |
       Dungeon |   2666 |   2604 |     62 |   1035 |   1221 |   3 |  888.7 |
               +--------+--------+--------+--------+--------+-----+--------+

Top non-repeatable levels by time:
     D:2: 1340 daAuts
     D:1: 1194 daAuts
     D:3: 131 daAuts
